 Dungeon Crawl Stone Soup version 0.23.2-40-g277498a (webtiles) character file.

Game seed: 13236697428289777170

55 Fang the Skirmisher (level 3, -1/24 HPs)
             Began as a Gargoyle Berserker on Oct 22, 2019.
             Was a Believer of Trog.
             Slain by Sigmund
             ... wielding a +2 scythe of venom
              (5 damage)
             ... on level 2 of the Dungeon.
             The game lasted 00:02:26 (1284 turns).

Fang the Skirmisher (Gargoyle Berserker)            Turns: 1284, Time: 00:02:27

Health: -1/24      AC:  5    Str: 21    XL:     3   Next: 93%
Magic:  3/3        EV: 12    Int: 11    God:    Trog [**....]
Gold:   126        SH:  0    Dex:  9    Spells: 2/2 levels left

rFire    . . .     SeeInvis .   a - +0 hand axe
rCold    . . .     Gourm    .   (no shield)
rNeg     + . .     Faith    .   b - +0 animal skin
rPois    ∞         Spirit   .   (no helmet)
rElec    +         Reflect  .   (no cloak)
rCorr    .         Harm     .   (no gloves)
MR       .....                  (no boots)
Stlth    +.........             (no amulet)
HPRegen  0.08/turn              (no ring)
MPRegen  0.08/turn              o - +4 ring of intelligence

@: confused, berserk cooldown, slowed, very slow
A: negative energy resistance 1, electricity resistance, unbreathing,
petrification resistance, rot immunity, AC +3
a: Berserk, Trog's Hand, Renounce Religion


You were on level 2 of the Dungeon.
You worshipped Trog.
Trog was pleased with you.
You were very hungry.

You visited 1 branch of the dungeon, and saw 2 of its levels.

You collected 126 gold pieces.

Inventory:

Hand Weapons
 a - a +0 hand axe (weapon)
Armour
 b - a +0 animal skin (worn)
Jewellery
 o - a +4 ring of intelligence (right hand)
Scrolls
 g - a scroll of teleportation {unknown}
 i - a scroll of enchant weapon {unknown}
 k - 3 scrolls of identify {unknown}
Potions
 e - 4 potions of heal wounds {unknown}
 h - a potion of experience {unknown}
 j - a potion of ambrosia {unknown}
 l - a potion of agility {unknown}
 m - a potion of curing {unknown}
 n - a potion of magic {unknown}
Comestibles
 c - 3 rations
 d - 5 chunks of flesh


   Skills:
 + Level 3.8 Fighting
 + Level 3.1 Axes
 + Level 2.9 Armour
 + Level 2.1 Dodging


You had 2 spell levels left.
You didn't know any spells.
Your spell library was empty.

Dungeon Overview and Level Annotations

Branches:
Dungeon (2/15)

Altars:
Makhleb

Annotations:
D:2 Sigmund


Innate Abilities, Weirdness & Mutations

You are resistant to torment.
Your stone body is resilient. (AC +3)
You are immune to poison.
You resist negative energy. (rN+)
You are resistant to electric shocks. (rElec)
You can survive without breathing.
You are immune to petrification.
You are immune to rotting.


Message History

You slash Sigmund!
Sigmund is almost dead.
You closely miss Sigmund.
Sigmund is almost dead.
Sigmund hits you with a +2 scythe of venom!
* * * LOW HITPOINT WARNING * * *
You closely miss Sigmund.
Sigmund is almost dead.
You are no longer berserk.
You are exhausted.
You feel yourself slow down.
You closely miss Sigmund.
Sigmund is almost dead.
Sigmund gestures at you while chanting.
You are confused.
Sigmund barely misses you. The worm bites you.
* * * LOW HITPOINT WARNING * * *
Sigmund hits you from afar with a +2 scythe of venom.
You die...

..........#####
...#..#.......#..#...
####..#...###.#.....
####..#######+#....# #
#........##........#+#.#
#.######.##.).........
#...##...##.......>.
###.##.####......"#
#...##...##...@w@.#
#.#########....†).#
#........##.......# #
####..#####.......# /#
...#..# #.......##.#
##.#..# #......!...+
#.#..#####...()...#.#
#........+........# +
###########.......##


You could see Sigmund and a worm.

Vanquished Creatures
  An adder (D:2)
  A worm (D:2)
  A dart slug (D:2)
  2 leopard geckos
  2 ball pythons
  5 bats
  A giant cockroach (D:2)
  6 goblins
  7 hobgoblins
  A kobold (D:1)
  2 quokkas (D:2)
  4 frilled lizards
  2 rats
35 creatures vanquished.

Notes
Turn   | Place    | Note
-------+----------+-------------------------------------------
     0 | D:1      | Fang the Gargoyle Berserker began the quest for the Orb.
     0 | D:1      | Reached XP level 1. HP: 14/14 MP: 1/1
   240 | D:1      | Reached XP level 2. HP: 11/19 MP: 2/2
   762 | D:2      | Found a burning altar of Makhleb.
   792 | D:2      | Reached XP level 3. HP: 23/23 MP: 3/3
   877 | D:2      | Reached ** piety under Trog
  1263 | D:2      | Noticed Sigmund
  1284 | D:2      | Slain by Sigmund

Skill      XL: |  1  2  3 |
---------------+----------+-----
Axes           | 3 |  3.1
Dodging        | 2 |  2.1
Fighting       | |  3.8
Armour         | |  2.9

Action                   || total
-------------------------++-------
Melee: Hand axe          ||   118
Invok: Berserk           ||     2
  Eat: Chunk             ||     2
Armor: Animal skin       ||    37
Dodge: Dodged            ||    70
